 Dungeon Crawl Stone Soup version 0.20-a0-893-g832831a (webtiles) character file.

1047 polly the Gusty (level 8, -1/59 HPs)
             Began as a Yellow Draconian Air Elementalist on Mar 16, 2017.
             Slain by a black bear (4 damage)
             ... on level 6 of the Dungeon.
             The game lasted 00:08:24 (5679 turns).

polly the Gusty (Yellow Draconian Air Elementalist) Turns: 5679, Time: 00:08:24

Health: -1/59      AC:  6    Str: 11    XL:     8   Next: 5%
Magic:  0/15       EV: 12    Int: 17    God:
Gold:   267        SH:  0    Dex: 12    Spells: 16/17 levels left

rFire    . . .     SeeInvis .   o - +0 whip
rCold    . . .     Gourm    .   (armour unavailable)
rNeg     . . .     Faith    .   (no shield)
rPois    .         Spirit   .   (helmet restricted)
rElec    .         Reflect  .   (no cloak)
rCorr    +         Harm     .   (no gloves)
MR       .....                  (no boots)
Stlth    ++........             (no amulet)
Regen    0.2/turn               (no ring)
MPRegen  0.2/turn               (no ring)

@: flying
A: spit acid, acid resistance, unfitting armour, cold-blooded, AC +6
a: Breathe Acid


You were on level 6 of the Dungeon.
You were hungry.

You visited 1 branch of the dungeon, and saw 6 of its levels.

You collected 267 gold pieces.

Inventory:

Hand Weapons
 o - a +0 whip (weapon)
Jewellery
 u - a +4 ring of protection {unknown}
 v - a +2 ring of strength {unknown}
 y - an uncursed ring of protection from fire {unknown}
Scrolls
 f - 6 scrolls of remove curse {unknown}
 i - 2 scrolls of amnesia {unknown}
 j - 2 scrolls of immolation {unknown}
 l - 2 scrolls of noise {unknown}
 n - a scroll of blinking {unknown}
 q - 3 scrolls of teleportation {unknown}
 r - 10 scrolls of identify {unknown}
 s - 2 scrolls of magic mapping {unknown}
 w - 2 scrolls of silence {unknown}
Potions
 e - a potion of might {unknown}
 m - a potion of berserk rage {unknown}
 p - a potion of cancellation {unknown}
 t - a potion of haste {unknown}
 x - a potion of mutation {unknown}
 z - a potion of invisibility {unknown}
Books
 a - a book of Air

   Spells                             Type                      Level
   a - Shock                          Conjuration/Air              1
   b - Swiftness                      Charms/Air                   2
   c - Static Discharge               Conjuration/Air              3
   d - Airstrike                      Air                          4
   e - Lightning Bolt                 Conjuration/Air              5
Comestibles
 b - 7 bread rations
 g - 2 royal jellies
 h - 3 fruits
 k - 2 meat rations


   Skills:
 + Level 1.3 Fighting
 + Level 1.5 Maces & Flails
 + Level 2.4 Dodging
 + Level 2.4 Stealth
 + Level 0.2 Unarmed Combat
 + Level 5.0 Spellcasting
 + Level 4.5 Conjurations
 + Level 6.0 Air Magic


You had 16 spell levels left.
You knew the following spells:

 Your Spells              Type           Power        Failure   Level  Hunger
a - Shock                 Conj/Air       ###.         1%          1    None


Dungeon Overview and Level Annotations

Branches:
Dungeon (6/15)             Temple (0/1) D:6

Altars:
Ashenzari
Elyvilon
Trog
Zin

Shops:
D:4 =


Innate Abilities, Weirdness & Mutations

You can spit globs of acid.
You are resistant to acid.
Your golden yellow scales are hard. (AC +6)
You cannot fit into any form of body armour.
You are cold-blooded and may be slowed by cold attacks.


Message History

The black bear claws you but does no damage.
The black bear barely misses you. The black bear bites you.
* * * LOW HITPOINT WARNING * * *
The black bear closely misses you. The black bear barely misses you.
The black bear closely misses you.
The black bear claws you but does no damage.
The black bear claws you.
* * * LOW HITPOINT WARNING * * *
Your magical contamination has completely faded away.
Casting: Shock
Confirm with . or Enter, or press ? or * to list all spells.
Aiming: Shock
Press: ? - help, Shift-Dir - straight line, f/p - black bear
Aim: a black bear (almost dead, berserk, fast, unusually strong)
The zap misses the black bear.
The black bear bites you.
* * * LOW HITPOINT WARNING * * *
The black bear claws you.
* * * LOW HITPOINT WARNING * * *
The black bear claws you.
You die...

......................
#.######.#.#####.#)#..
#........#.....#.#.##.
##############.#.#.#..
.............#.......#
####...####.###.###.#
+...+....†.......#
#####...####.####.####
#...h@.(.....# #.# # #
#.###....##### #.####
....###.# ##.#.#
#..... ........# #.#.#
#####. ....##### #.#.#
#..... .. #.#.# #.####
.# # .. # #


You could see a black bear (berserk).

Vanquished Creatures
  Menkaure (D:4)
  3 phantoms
  2 ogres (D:4)
  A centaur (D:6)
  A bullfrog (D:6)
  The ghost of dangerrune1 the Sneak, an amateur SpEn (D:3)
  A crimson imp (D:5)
  A quasit (D:5)
  An orc priest (D:3)
  A bullfrog skeleton (D:6)
  A gnoll (D:1)
  6 adders
  2 shadow imps
  2 oozes
  An adder zombie (D:6)
  2 worms
  3 dart slugs
  6 leopard geckos
  4 orcs
  A ball python (D:5)
  5 giant cockroaches
  14 goblins
  2 hobgoblins (D:2)
  4 jackals (D:4)
  A quokka (D:2)
  5 bats
  2 frilled lizards
  3 kobolds
  A quokka skeleton (D:5)
  11 rats
89 creatures vanquished.

Notes
Turn   | Place    | Note
-------+----------+-------------------------------------------
     0 | D:1      | polly the Draconian Air Elementalist began the quest for the Orb.
     0 | D:1      | Reached XP level 1. HP: 14/14 MP: 3/3
   123 | D:1      | Found a shattered altar of Ashenzari.
   620 | D:1      | Reached XP level 2. HP: 20/20 MP: 0/5
  1111 | D:2      | Reached XP level 3. HP: 26/26 MP: 2/6
  1754 | D:2      | Reached XP level 4. HP: 33/33 MP: 3/8
  2166 | D:3      | Reached skill level 4 in Air Magic
  2325 | D:3      | Noticed dangerrune1's ghost (amateur SpEn)
  3154 | D:3      | Killed dangerrune1's ghost
  3154 | D:3      | Reached XP level 5. HP: 32/39 MP: 0/9
  3361 | D:3      | Found a glowing silver altar of Zin.
  3558 | D:4      | Noticed an ogre
  3566 | D:4      | Killed an ogre
  3566 | D:4      | Reached XP level 6. HP: 46/46 MP: 1/11
  3652 | D:4      | Found a white marble altar of Elyvilon.
  3707 | D:4      | Found Mezuzuf's Jewellery Emporium.
  3913 | D:4      | Noticed Menkaure
  3923 | D:4      | Killed Menkaure
  3923 | D:4      | Reached skill level 5 in Air Magic
  4125 | D:4      | Your scales start taking on a golden yellow colour.
  4125 | D:4      | Reached XP level 7. HP: 51/51 MP: 3/13
  4339 | D:5      | Entered Level 5 of the Dungeon
  4737 | D:5      | Reached skill level 1 in Fighting
  4805 | D:5      | Found a bloodstained altar of Trog.
  4985 | D:5      | Reached skill level 1 in Maces & Flails
  5602 | D:6      | Found a staircase to the Ecumenical Temple.
  5632 | D:6      | Reached skill level 5 in Spellcasting
  5632 | D:6      | Reached skill level 6 in Air Magic
  5632 | D:6      | Reached XP level 8. HP: 53/59 MP: 9/15
  5679 | D:6      | Slain by a black bear

Vault maps used:
D:1:      dpeg_arrival_arbitrary_a, nrook_mini_vaults, minmay_stone_trees_small,
          evilmike_ruin_ashenzari
D:3:      lemuel_coloured_pillars_altar, first_bread
D:4:      elyvilon_altar_5, serial_shops, shop_statue, uniq_menkaure
D:5:      lemuel_round_altar
D:6:      lemuel_ice_spiral_2, kennysheep_okawaru_gauntlet,
          minmay_temple_entry_poolview, serial_shops, nicolae_shop_waterfront

Skill      XL: |  1  2  3  4  5  6  7 |
---------------+----------------------+-----
Air Magic      | 4 5 6 |  6.0
Stealth        | 2 |  2.4
Conjurations   | 2 3 4 |  4.5
Spellcasting   | 3 4 5 |  5.0
Dodging        | 2 |  2.4
Fighting       | 1 |  1.3
Maces & Flails | 1 |  1.5
Unarmed Combat | |  0.2

Action                   |  1- 3 |  4- 6 |  7- 9 || total
-------------------------+-------+-------+-------++-------
Melee: Unarmed           |    17 |       |       ||    17
       Tailslap          |     3 |     2 |     5 ||    10
       Whip              |    20 |    58 |    39 ||   117
 Cast: Shock             |    59 |   129 |   114 ||   302
  Use: Potion            |       |     3 |     2 ||     5
  Eat: Chunk             |     3 |     7 |     4 ||    14
       Fruit             |       |       |     1 ||     1
Armor: Skin              |    20 |    34 |    34 ||    88
Dodge: Dodged            |    35 |    39 |    72 ||   146
